 Dungeon Crawl Stone Soup version 0.27-a0-1301-g128193abf8 (webtiles) character file.

Game seed: 12733642946647568743

8 Leszczynek the Chopper (level 2, 0/36 HPs)
             Began as a Human Berserker on June 17, 2021.
             Was a Follower of Trog.
             Succumbed to an adder's poison
             ... on level 2 of the Dungeon.
             The game lasted 00:00:38 (91 turns).

Leszczynek the Chopper (Human Berserker)              Turns: 91, Time: 00:00:39

Health: 0/36       AC:  2    Str: 17    XL:     2   Next: 15%
Magic:  2/2        EV: 12    Int:  7    God:    Trog [*.....]
Gold:   18         SH:  0    Dex: 12    Spells: 1/1 levels left

rFire    . . .     SeeInvis .   a - +0 hand axe
rCold    . . .     Faith    .   (no shield)
rNeg     . . .     Spirit   .   b - +0 animal skin
rPois    .         Reflect  .   (no helmet)
rElec    .         Harm     .   (no cloak)
rCorr    .         Rampage  .   (no gloves)
Will     .....                  (no boots)
Stlth    ..........             (no amulet)
HPRegen  0.12/turn              (no ring)
MPRegen  0.08/turn              (no ring)

@: berserking, lethally poisoned (0 -> -9), very quick
A: no striking features
a: Renounce Religion, Berserk


You were on level 2 of the Dungeon.
You worshipped Trog.
Trog was aware of your devotion.
You visited 1 branch of the dungeon, and saw 2 of its levels.

You collected 18 gold pieces.

Inventory:

Hand Weapons
 a - a +0 hand axe (weapon)
Armour
 b - a +0 animal skin (worn)


   Skills:
 + Level 3.1 Fighting
 + Level 3.1 Axes
 + Level 2.2 Armour
 + Level 2.2 Dodging


You had one spell level left.
You didn't know any spells.
Your spell library was empty.

Dungeon Overview and Level Annotations

Branches:
Dungeon (2/15)

Altars:


Message History

The adder closely misses you. The jackal bites you.
You have reached level 2!
You barely miss the adder.
The adder is almost dead.
You completely miss the jackal. You closely miss the jackal.
The jackal barely misses you. The jackal bites you.
The adder closely misses you. The jackal bites you.
You miss the adder.
The adder is almost dead.
You hit the jackal. You barely miss the jackal. The jackal misses you.
The adder bites you. The jackal bites you.
Unknown command.
You miss the adder.
The adder is almost dead.
You slash the jackal!
You kill the jackal!
Trog accepts your kill.
You closely miss the jackal. The adder bites you.
* * * LOW HITPOINT WARNING * * *
The jackal barely misses you.
You closely miss the adder.
The adder is almost dead.
You barely miss the jackal. The adder bites you.
* * * LOW HITPOINT WARNING * * *
You are lethally poisoned!
The adder poisons you! The jackal barely misses you.
You closely miss the adder.
The adder is almost dead.
You hit the jackal.
* * * LOW HITPOINT WARNING * * *
You feel sick. The adder bites you.
* * * LOW HITPOINT WARNING * * *
You are more poisoned.
The adder poisons you! The jackal misses you.
You closely miss the adder.
The adder is almost dead.
You slash the jackal!
You kill the jackal!
Trog accepts your kill.
You die...

## .#.## .
.#...
.###.....
.........
#........
#........
#<†......
#@.......
#.S......
.........
..........
#..........
#........?.
###########


You could see an adder.

Vanquished Creatures
  A ball python (D:1)
  2 goblins (D:1)
  4 jackals (D:2)
7 creatures vanquished.

Notes
Turn   | Place    | Note
-------+----------+-------------------------------------------
     0 | D:1      | Leszczynek the Human Berserker began the quest for the Orb.
     0 | D:1      | Reached XP level 1. HP: 18/18 MP: 1/1
    86 | D:2      | Reached XP level 2. HP: 21/24 MP: 2/2
    90 | D:2      | HP: 6/36 [poisoned by an adder]
    90 | D:2      | HP: 1/36 [adder (5)]
    91 | D:2      | Succumbed to an adder's poison

Illustrated notes

Levels and vault maps discovered:
D:1:      lightli_arrival_boilingwater, layout_rooms, serial_curves,
          eino_curves_04, eino_curves_03, minivault_25
D:2:      layout_basic, feat_on_display

Action                   || total
-------------------------++-------
Melee: Hand axe          ||    20
Invok: Berserk           ||     1
Armor: Animal skin       ||     7
Dodge: Dodged            ||    17

Table legend: (Time is in decaauts)
 A = Elapsed time spent in this place.
 B = Non-inter-level travel time spent in this place.
 C = Inter-level travel time spent in this place.
 D = Time resting spent in this place.
 E = Time spent auto-exploring this place.
 F = Levels seen in this place.
 G = Mean time per level.
                   A        B        C        D        E       F      G
               +--------+--------+--------+--------+--------+-----+--------+
         Total |     91 |     91 |      0 |      0 |      0 |   2 |   45.5 |
       Dungeon |     91 |     91 |      0 |      0 |      0 |   2 |   45.5 |
               +--------+--------+--------+--------+--------+-----+--------+

Top non-repeatable levels by time:
     D:1: 79 daAuts
     D:2: 12 daAuts
